 Dungeon Crawl Stone Soup version 0.27-a0-1137-g3ef0f4ec91 (webtiles) character file.

Game seed: 13373593282288420195

76 phynasty the Gusty (level 3, -1/26 HPs)
             Began as a Demigod Air Elementalist on May 6, 2021.
             Slain by a black bear (3 damage)
             ... on level 3 of the Dungeon.
             The game lasted 00:06:07 (2958 turns).

phynasty the Gusty (Demigod Air Elementalist)       Turns: 2958, Time: 00:06:08

Health: -1/26      AC:  3    Str:  9    XL:     3   Next: 89%
Magic:  1/8        EV: 12    Int: 21    God:
Gold:   37         SH:  0    Dex: 14    Spells: 3/6 levels left

rFire    . . .     SeeInvis +   h - +2 dagger (venom)
rCold    . . .     Faith    .   (no shield)
rNeg     . . .     Spirit   .   a - +0 robe
rPois    .         Reflect  .   (no helmet)
rElec    .         Harm     .   (no cloak)
rCorr    .         Rampage  .   (no gloves)
Will     .....                  k - +0 pair of boots
Stlth    ++........             (no amulet)
HPRegen  0.08/turn              g - ring of see invisible
MPRegen  0.11/turn              (no ring)

@: no status effects
A: high mp 1, forlorn
a: no special abilities


You were on level 3 of the Dungeon.
You visited 1 branch of the dungeon, and saw 3 of its levels.

You collected 37 gold pieces.

Inventory:

Hand Weapons
 d - a +0 quarterstaff
 e - a +0 short sword
 h - a +2 dagger of venom (weapon)
Armour
 a - a +0 robe (worn)
 k - a +0 pair of boots (worn)
Jewellery
 g - a ring of see invisible (left hand)
Potions
 b - a potion of degeneration {unknown}
 c - 2 potions of ambrosia {unknown}
 f - a potion of berserk rage {unknown}
 i - a potion of cancellation {unknown}
 l - a potion of might {unknown}
 m - a potion of curing {unknown}


   Skills:
 + Level 0.1 Short Blades
 + Level 2.1 Dodging
 + Level 1.8 Stealth
 + Level 2.2 Spellcasting
 + Level 2.1 Conjurations
 + Level 3.4 Air Magic


You had 3 spell levels left.
You knew the following spells:

 Your Spells              Type           Power      Damage    Failure   Level
a - Shock                 Conj/Air       56%        1d6       4%          1
b - Static Discharge      Conj/Air       14%        N/A       7%          2

Your spell library contained the following spells:

 Spells                   Type           Power      Damage    Failure   Level
 Foxfire                  Conj/Fire      24%        2x1d5     10%         1
 Swiftness                Air            16%        N/A       11%         3
 Conjure Flame            Conj/Fire      6%         6-21      28%         3
 Inner Flame              Hex/Fire       2%         N/A       41%         3
 Airstrike                Air            8%         N/A       34%         4
 Sticky Flame             Conj/Fire      6%         2d3       67%         4
 Lightning Bolt           Conj/Air       7%         1d19      77%         5
 Fireball                 Conj/Fire      3%         3d4       95%         5


Dungeon Overview and Level Annotations

Branches:
Dungeon (3/15)


Innate Abilities, Weirdness & Mutations

Your attributes grow dramatically as you level up.
You have an increased reservoir of magic. (+10% MP)
You shall have no god before yourself.


Message History

The black bear is heavily wounded.
Casting: Shock (safe; 4% risk of failure)
Confirm with . or Enter, or press ? or * to list all spells.
Aiming: Shock (safe; 4% risk of failure)
Press: ? - help, Shift-Dir - straight line, f/p - black bear
Aim: a black bear (heavily wounded, 79% to hit)
The zap hits the black bear but does no damage.
The black bear is heavily wounded.
Casting: Shock (safe; 4% risk of failure)
Confirm with . or Enter, or press ? or * to list all spells.
You can't see any susceptible monsters within range! (Use Z to cast anyway.) Unknown command.
Casting: Shock (safe; 4% risk of failure)
Confirm with . or Enter, or press ? or * to list all spells.
Aiming: Shock (safe; 4% risk of failure)
Press: ? - help, Shift-Dir - straight line, f/p - black bear
Aim: a black bear (heavily wounded, 79% to hit)
The zap hits the black bear.
The black bear is severely wounded.
The black bear bites you but does no damage.
The black bear claws you. x2
Casting: Shock (safe; 4% risk of failure)
Confirm with . or Enter, or press ? or * to list all spells.
The black bear is struck by an arc of lightning.
The black bear is almost dead.
You are struck by an arc of lightning.
The lightning grounds out.
The black bear goes berserk!
You hit the black bear but do no damage.
The black bear is poisoned.
The black bear is almost dead.
The black bear barely misses you. x2; The black bear claws you.
You closely miss the black bear.
The black bear is almost dead.
The black bear bites you. The black bear claws you.
The black bear completely misses you. The black bear bites you!
* * * LOW HITPOINT WARNING * * *
The black bear closely misses you. The black bear barely misses you.
The black bear closely misses you. The black bear barely misses you.
The black bear claws you.
You die...

.. ## #######.# #..#.......#
#.##.......# ####.##.......#
#.....#........ #.....#......#
#.....#@.....## ####
^.########.....h.....<.. ....
.................################
..########.....#............†.###
#...........##############....
#...........# ##### #......######
#. ######## #. #.


You could see a black bear (berserk, very poisoned).

Vanquished Creatures
  2 adders (D:2)
  A dart slug (D:2)
  9 ball pythons
  4 bats
  3 endoplasms (D:1)
  3 giant cockroaches
  3 goblins (D:2)
  8 hobgoblins
  10 jackals
  A frilled lizard (D:1)
  2 kobolds
  3 rats
49 creatures vanquished.

Vanquished Creatures (others)
  2 plants (D:3)
  5 toadstools (D:1)
7 creatures vanquished.

Grand Total: 56 creatures vanquished

Notes
Turn   | Place    | Note
-------+----------+-------------------------------------------
     0 | D:1      | phynasty the Demigod Air Elementalist began the quest for
                  | the Orb.
     0 | D:1      | Reached XP level 1. HP: 14/14 MP: 5/5
   120 | D:1      | Reached skill level 3 in Air Magic
   393 | D:1      | Reached XP level 2. HP: 20/20 MP: 2/7
  1056 | D:1      | Learned a level 2 spell: Static Discharge
  1130 | D:1      | Reached skill level 1 in Conjurations
  1602 | D:2      | Reached XP level 3. HP: 26/26 MP: 4/8
  2939 | D:3      | Noticed a black bear
  2956 | D:3      | HP: 1/26 [black bear (7)]
  2958 | D:3      | Slain by a black bear

Illustrated notes

Levels and vault maps discovered:
D:1:      ldierk_walled_garden, layout_basic, ebering_ecumenical_altar_mist
D:2:      layout_loops_corners, basic_altar, chequers_serial_rivers_large_b
D:3:      cheibrodos_old_hovel, layout_rooms,
          gammafunk_temple_overflow_elements, kennysheep_generic_room_6

Skill      XL: |  1  2  3 |
---------------+----------+-----
Air Magic      | 3 |  3.4
Dodging        | 2 |  2.1
Spellcasting   | 2 |  2.2
Conjurations   | 1 2 |  2.1
Short Blades   | |  0.1
Stealth        | |  1.8

Action                   || total
-------------------------++-------
Melee: Short sword       ||    19
       Dagger            ||     2
 Cast: Shock             ||   101
       Static Discharge  ||     4
  Use: Scroll            ||     2
Armor: Robe              ||     6
Dodge: Dodged            ||    21

Table legend: (Time is in decaauts)
 A = Elapsed time spent in this place.
 B = Non-inter-level travel time spent in this place.
 C = Inter-level travel time spent in this place.
 D = Time resting spent in this place.
 E = Time spent auto-exploring this place.
 F = Levels seen in this place.
 G = Mean time per level.
                   A        B        C        D        E       F      G
               +--------+--------+--------+--------+--------+-----+--------+
         Total |   2988 |   2892 |     96 |      0 |   2674 |   3 |  996.0 |
       Dungeon |   2988 |   2892 |     96 |      0 |   2674 |   3 |  996.0 |
               +--------+--------+--------+--------+--------+-----+--------+

Top non-repeatable levels by time:
     D:1: 1504 daAuts
     D:2: 1341 daAuts
     D:3: 142 daAuts
